Description

Mine Drop followed by pressure

Replay - 2020-09-01 - (T)PureLegacy VS (P)Hupsaiya (3)

Build Order

Get SALT Encoding   

  12  0:01  SCV  
  13  0:14  SCV  
  14  0:21  Supply Depot  
  14  0:26  SCV  
  15  0:43  SCV  
  15  0:45  Barracks  
  15  0:48  Refinery  
  16  0:55  SCV  
  17  1:07  SCV  
  18  1:19  SCV  
  19  1:31  Reaper  
  19  1:32  Orbital Command  
  20  1:44  Command Center  
  20  1:53  Supply Depot  
  20  1:58  SCV  
  21  2:03  Marine  
  22  2:10  SCV  
  23  2:17  Factory  
  23  2:20  Bunker  
  23  2:22  SCV  
  24  2:26  Barracks Reactor  
  24  2:27  Refinery  
  26  3:01  Hellion  
  26  3:02  Orbital Command  
  26  3:04  Marine x2  
  31  3:06  Starport  
  32  3:22  Widow Mine  
  35  3:33  Supply Depot  
  36  3:34  Marine x2  
  40  3:43  Medivac  
  40  3:45  Widow Mine  
  44  4:02  Marine x2  
  44  4:08  Supply Depot  
  47  4:15  Barracks x2  
  47  4:16  Factory Tech Lab, Starport Tech Lab  
  48  4:21  Engineering Bay  
  50  4:25  Marine x2  
  50  4:29  Refinery  
  54  4:43  Marine  
  54  4:44  Supply Depot  
  58  5:06  Factory Reactor, Starport Reactor, Terran Infantry Weapons Level 1  
  60  5:09  Refinery  
  60  5:10  Stimpack, Combat Shield  
  60  5:12  Marauder x2  
  70  5:39  Marauder x2  
  74  5:46  Widow Mine x2, Medivac x2  
  82  5:58  Command Center  
  82  6:02  Marauder x2  
  85  6:23  Marauder x2  
  91  6:27  Medivac x2  
  95  6:33  Concussive Shells  
  95  6:36  Widow Mine x2  
  99  6:42  Liberator x2  
  99  6:45  Marauder x2  
  109  7:11  Barracks x2  
  109  7:12  Terran Infantry Armor Level 1  
  112  7:30  Orbital Command  
  119  7:53  Viking x2  
  125  8:08  Barracks Reactor, Barracks Tech Lab  
  121  8:25  Starport  
  122  8:33  Sensor Tower  
  135  9:02  Viking x2  
  148  9:07  Viking  
Spawning Tool Build Advisor. Get it on Overwolf

Go to:

Details

  • Created by: DakkoN
  • Published on: Sep 10, 2020
  • Modified on: Sep 11, 2020
  • Patch: 4.11.0
  • Difficulty: Medium
Show
View Real Time Build Order
Export as new Build Order

Comments (0)

There are no comments. Be the first!

Create an account to comment!